 Dungeon Crawl Stone Soup version 0.28.0-53-g5a82cb258f (webtiles) character file.

Game seed: 16443490605908843708

248 issech the Chopper (level 5, -5/47 HPs)
             Began as a Minotaur Monk on June 6, 2022.
             Killed from afar by a raiju (22 damage)
             ... with a living lightning
             ... on level 1 of the Abyss.
             The game lasted 00:12:08 (4330 turns).

issech the Chopper (Minotaur Monk)                  Turns: 4330, Time: 00:12:15

Health: -5/47      AC: 10    Str: 15    XL:     5   Next: 86%
Magic:  4/4        EV: 12    Int:  7    God:
Gold:   59         SH:  0    Dex: 21    Spells: 4/4 levels left

rFire   + . .      SeeInvis .   r - +0 halberd
rCold   + . .      Faith    .   (shield currently unavailable)
rNeg    . . .      Spirit   .   t - +0 chain mail
rPois   .          Reflect  .   (helmet restricted)
rElec   .          Harm     .   e - scarf {rC+ rF+}
rCorr   .          Rampage  .   y - +1 pair of gloves
Will    .....                   (no boots)
Stlth   ..........              g - amulet of the acrobat
HPRegen 0.15/turn               f - +6 ring of dexterity
MPRegen 0.09/turn               b - +4 ring of evasion

@: no status effects
A: horns 2, retaliatory headbutt
a: no special abilities


You were on level 1 of the Abyss.
You visited 1 branch of the dungeon, and saw 3 of its levels.
You visited the Abyss 1 time.

You collected 59 gold pieces.

Inventory:

Hand Weapons
 a - a +0 hand axe
 q - a +0 hunting sling
 r - a +0 halberd (weapon)
 s - a +0 flail
 x - a +0 dagger of venom
Missiles
 c - 18 sling bullets
 h - 4 datura-tipped darts
 i - 106 stones (quivered)
Armour
 e - a scarf of resistance (worn)
 t - a +0 chain mail (worn)
 y - a +1 pair of gloves (worn)
Jewellery
 b - a +4 ring of evasion (right hand)
 f - a +6 ring of dexterity (left hand)
 g - an amulet of the acrobat (around neck)
 k - a +6 ring of dexterity
Scrolls
 d - 4 scrolls of identify {unknown}
 j - 2 scrolls of holy word
 l - a scroll of brand weapon {unknown}
 m - a scroll of fear {unknown}
 n - a scroll of enchant armour {unknown}
 o - a scroll of enchant weapon {unknown}
 v - a scroll of silence {unknown}
 w - a scroll of vulnerability {unknown}
Potions
 p - a potion of flight {unknown}
 u - 3 potions of curing {unknown}


   Skills:
 + Level 4.7 Fighting
 + Level 5.6(5.8) Axes
 + Level 2.1(4.1) Polearms
 + Level 2.0 Armour
 + Level 4.1 Dodging
 + Level 2.1 Stealth


You had 4 spell levels left.
You didn't know any spells.
Your spell library was empty.

Dungeon Overview and Level Annotations

Branches:
Dungeon (3/15)

Altars:


Innate Abilities, Weirdness & Mutations

You have a pair of horns on your head.
You reflexively headbutt those who attack you in melee.


Message History

Space warps horribly around you!
You hit the orc. You headbutt the orc.
The orc is almost dead.
The orc hits you but does no damage.
You are cast into the Abyss!
This branch contains the abyssal rune of Zot.
You start resting.
A blink frog comes into view.
A blink frog comes into view.
The blink frog croaks.
You hear a loud, deep croak!
A blink frog comes into view.
A blink frog comes into view.
The blink frog blinks!
The blink frog blinks!
The blink frog blinks!
The blink frog blinks! x2
The blink frog hits you.
The blink frog blinks!
The blink frog completely misses you. You furiously retaliate!
You headbutt the blink frog. The blink frog completely misses you.
The blink frog blinks!
The blink frog blinks!
A raiju comes into view.
The raiju barks!
The raiju bursts into living lightning!
The living lightning hits you!!
The raiju blinks!
The raiju bursts into living lightning!
The living lightning misses you.
The raiju blinks! x2
A small abomination comes into view.
The blink frog blinks!
Found a gateway leading deeper into the Abyss.
Unknown command.
The blink frog blinks!
As you read the scroll labelled UFROINAGETI, it crumbles to dust.
You speak a Word of immense power!
The small abomination convulses!
It was a scroll of holy word.
The small abomination is lost in a daze.
The blink frog blinks!
The raiju bursts into living lightning!
The living lightning hits you!!
You die...

##..# #.. #
#.#...#.#..#
###.###..#
.. #.
..F##..# #
#x.... #F.#
... . .. .
##x#####
#..##..
#.#§...## ..
...
#...#§h.# .
###. #.##
##@# ##
##....###
..#..#. ..#
#.#... > ..
. .. ... .#
#. .#.


You could see a raiju.

Vanquished Creatures
  A water moccasin skeleton (D:2)
  4 adders (D:2)
  9 gnolls
  2 worms (D:2)
  A dart slug (D:1)
  2 orcs (D:3)
  5 ball pythons
  4 bats
  6 endoplasms
  3 giant cockroaches
  4 goblins
  8 hobgoblins
  11 kobolds
  2 quokkas
  2 frilled lizards
  6 rats
70 creatures vanquished.

Notes
Turn   | Place    | Note
-------+----------+-------------------------------------------
     0 | D:1      | issech the Minotaur Monk began the quest for the Orb.
     0 | D:1      | Reached XP level 1. HP: 19/19 MP: 0/0
   369 | D:1      | Reached XP level 2. HP: 20/27 MP: 1/1
   373 | D:1      | Reached skill level 4 in Axes
   736 | D:1      | Found a faded altar of an unknown god.
  1176 | D:2      | Reached XP level 3. HP: 27/33 MP: 2/2
  1783 | D:2      | Reached skill level 5 in Axes
  1891 | D:1      | Reached XP level 4. HP: 11/41 MP: 3/3
  2458 | D:2      | Reached XP level 5. HP: 38/47 MP: 4/4
  2736 | D:2      | Reached skill level 1 in Polearms
  2736 | D:2      | Reached skill level 1 in Armour
  4238 | D:3      | Cast into level 1 of the Abyss (orc)
  4298 | Abyss:1  | Noticed a blink frog
  4299 | Abyss:1  | Noticed a blink frog
  4299 | Abyss:1  | Noticed a blink frog
  4300 | Abyss:1  | Noticed a blink frog
  4306 | Abyss:1  | Noticed a large abomination
  4316 | Abyss:1  | Noticed a raiju
  4320 | Abyss:1  | Noticed a small abomination
  4330 | Abyss:1  | Killed from afar by a raiju

Illustrated notes

Levels and vault maps discovered:
D:1:      dpeg_arrival_circle_labyrinth_a, layout_loops_ring,
          dreamdust_ecumenical_altar_angels_and_demons
D:2:      layout_basic
D:3:      layout_basic, serial_glass, glass_columns_c, glass_columns_b,
          glass_columns_b, glass_columns_a, glass_columns_b, glass_columns_a,
          glass_columns_a, glass_columns_a, hex_intersection,
          grunt_ministairs_11
Abyss:1:  base: D:2, serial_sigils_hangedman_quiver

Skill      XL: |  1  2  3  4  5 |
---------------+----------------+-----
Fighting       | 4 |  4.7
Axes           | 4 5 |  5.6
Dodging        | 4 |  4.1
Stealth        | 2 |  2.1
Polearms       | 2 |  2.1
Armour         | 2 |  2.0

Action                   |  1- 3 |  4- 6 || total
-------------------------+-------+-------++-------
Melee: Hand axe          |    88 |     3 ||    91
       Headbutt          |    14 |    10 ||    24
       Halberd           |       |    62 ||    62
  Use: Scroll            |       |     1 ||     1
 Stab: Sleeping          |     2 |     1 ||     3
Armor: Robe              |     9 |       ||     9
       Ring mail         |     2 |       ||     2
       Chain mail        |       |    21 ||    21
Dodge: Dodged            |    62 |    41 ||   103
